 Dungeon Crawl Stone Soup version 0.30.1-3-gfc49f6343a (webtiles) character file.

Game seed: 10576199544367406746

79 KyoPewz the Cudgeller (level 4, 0/44 HPs)
             Began as an Ogre Gladiator on July 31, 2023.
             Slain by a goblin
             ... wielding a +0 club
             ... led by Robin
              (6 damage)
             ... on level 3 of the Dungeon.
             The game lasted 00:02:29 (1696 turns).

KyoPewz the Cudgeller (Ogre Gladiator)              Turns: 1696, Time: 00:02:29

Health: 0/44       AC:  3    Str: 26    XL:     4   Next: 38%
Magic:  8/8        EV: 10    Int:  9    God:
Gold:   67         SH:  0    Dex: 10    Spells: 8/8 levels left

rFire   . . .        a - +0 flail
rCold   . . .        (no shield)
rNeg    . . .        b - +0 robe
rPois   .            c - +0 hat
rElec   .            (no cloak)
rCorr   .            (gloves unavailable)
SInv    .            (boots unavailable)
Will    .....        (no amulet)
Stlth   +            k - +6 ring of strength
HPRegen 0.27/turn    (no ring)
MPRegen 0.11/turn

%: no passive effects
@: no status effects
A: large, unfitting armour, tough skin 1
a: no special abilities


You were on level 3 of the Dungeon.
You visited 1 branch of the dungeon, and saw 3 of its levels.

You collected 67 gold pieces.

Inventory:

Hand Weapons
 a - a +0 flail (weapon)
 r - a +1 dagger of venom
Missiles
 d - 3 throwing nets
 e - a large rock
 h - 6 atropa-tipped darts
 j - 38 stones (quivered)
 m - 6 poisoned darts
 o - 2 boomerangs
Armour
 b - a +0 robe (worn)
 c - a +0 hat (worn)
Jewellery
 k - a +6 ring of strength (left hand)
Scrolls
 i - a scroll of vulnerability {unknown}
 l - 3 scrolls of teleportation {unknown}
 n - a scroll of immolation {unknown}
 t - 2 scrolls of identify {unknown}
 u - a scroll of enchant weapon {unknown}
Potions
 f - 2 potions of mutation {unknown}
 g - 2 potions of heal wounds {unknown}
 p - a potion of lignification {unknown}
 q - a potion of invisibility {unknown}
 s - 3 potions of curing {unknown}


   Skills:
 - Level 2.6 Fighting
 + Level 3.7 Maces & Flails
 - Level 2.0 Throwing
 - Level 2.6 Dodging
 + Level 2.8 Spellcasting


You had 8 spell levels left.
You didn't know any spells.
Your spell library was empty.

Dungeon Overview and Level Annotations

Branches:
Dungeon (3/15)

Altars:
Xom

Annotations:
D:3 Robin


Innate Abilities, Weirdness & Mutations

You are too large for most types of armour.
You have tough skin. (AC +1)


Message History

Robin says, "My goblins will feast on your bones."
Robin throws the goblin at you! The hobgoblin hits you.
Robin throws the goblin at you! The goblin hits you but does no damage.
The goblin closely misses you.
You take 3 damage, and have 37/44 hp.
You closely miss the goblin. The hobgoblin closely misses you.
The goblin hits you with a +0 dagger. The goblin hits you with a +0 club.
The goblin closely misses you. The goblin hits you with a +0 club.
The goblin hits you but does no damage.
You take 6 damage, and have 31/44 hp.
You sock the goblin!
You kill the goblin!
Robin roars a battlecry!
The goblins go into a battle-frenzy!
Robin throws the goblin at you! The hobgoblin hits you.
The goblin barely misses you.
The goblin hits you but does no damage. x2
You take 6 damage, and have 25/44 hp.
You barely miss the goblin.
The goblin shoots a sling bullet.
The sling bullet barely misses you.
The sling bullet misses the goblin.
The hobgoblin hits you but does no damage.
The goblin hits you with a +0 dagger. The goblin hits you but does no damage.
The goblin hits you with a +0 club. The goblin misses you.
Robin roars a battlecry!
The goblin goes into a battle-frenzy!
The goblin shoots a sling bullet.
The sling bullet closely misses you.
The sling bullet barely misses the goblin.
You take 3 damage, and have 22/44 hp.
You closely miss the goblin. Robin throws the goblin at you!
The goblin barely misses you. The goblin hits you with a +0 club.
The goblin barely misses you. The goblin hits you with a +0 club.
* * * LOW HITPOINT WARNING * * *
You take 11 damage, and have 11/44 hp.
MASSIVE DAMAGE!!
You miss the goblin. The hobgoblin completely misses you.
The goblin barely misses you. x2; The goblin hits you with a +0 club.
* * * LOW HITPOINT WARNING * * *
The goblin hits you with a +0 club.
* * * LOW HITPOINT WARNING * * *
The goblin unwields a +0 sling.
The goblin wields a +0 club.
The goblin hits you with a +0 club.
You die...

. ...ggg...K.....#####
..##.g.###...........
#.... ##.......... ...(
#........#
.##..######........#
...$......)........#
##.#...###..g.....#####..
###.g###ggg....#...[..
##g.Kgg@g....).#
########g....######
.........#........##
##########..#####..# ##.#
##.# ... #.##### ......
#...... ...>.....#......
..........)......


You could see Robin (fast), a hobgoblin (strong), 8 goblins and a kobold.

Vanquished Creatures
  Terence (D:2)
  An adder (D:2)
  6 endoplasms
  3 goblins (D:3)
  4 hobgoblins
  2 quokkas (D:2)
  13 ball pythons
  7 bats
  2 frilled lizards (D:1)
  4 kobolds
  3 rats
46 creatures vanquished.

Notes
Turn   | Place    | Note
-------+----------+-------------------------------------------
     0 | D:1      | KyoPewz the Ogre Gladiator began the quest for the Orb.
     0 | D:1      | Reached XP level 1. HP: 22/22 MP: 1/1
   146 | D:1      | Reached skill level 1 in Spellcasting
   173 | D:1      | Reached XP level 2. HP: 29/29 MP: 3/3
   209 | D:1      | Reached skill level 3 in Maces & Flails
   807 | D:2      | Reached XP level 3. HP: 36/36 MP: 5/5
   833 | D:2      | Found a shimmering altar of Xom.
   980 | D:2      | Found a faded altar of an unknown god.
  1519 | D:2      | Noticed Terence
  1520 | D:2      | Killed Terence
  1521 | D:2      | Reached XP level 4. HP: 44/44 MP: 6/8
  1671 | D:3      | Noticed Robin
  1696 | D:3      | Slain by a goblin

Illustrated notes

Levels and vault maps discovered:
D:1:      dpeg_cavernosity, layout_basic
D:2:      layout_loops_ring, basic_altar, ebering_ecumenical_altar_mist,
          hangedman_abyss_or_decor_stabs, minmay_three_crescents, uniq_terence
D:3:      layout_rooms, chequers_serial_rivers_large_a, corexii_hall_statues_t,
          minmay_goblin_outpost, uniq_robin, uniq_crazy_yiuf_cottage

Skill      XL: |  1  2  3 |
---------------+----------+-----
Spellcasting   | 1 2 |  2.8
Maces & Flails | 3 |  3.7
Fighting       | |  2.6
Throwing       | |  2.0
Dodging        | |  2.6

Action                     |  1- 3 |  4- 6 || total
---------------------------+-------+-------++-------
  Melee: Flail             |    92 |    15 ||   107
         Punch             |     1 |       ||     1
  Throw: Large rock        |     1 |       ||     1
   Stab: Sleeping          |     2 |       ||     2
 Armour: Robe              |    39 |    15 ||    54
  Dodge: Dodged            |    65 |    23 ||    88
